 Dungeon Crawl Stone Soup version 0.30-a0-778-g2ef04afb54 (webtiles) character file.

Game seed: 16986915031977295850

135 IdlyInterested the Cudgeller (level 4, -7/33 HPs)
             Began as a Demonspawn Gladiator on Feb 16, 2023.
             Killed by nerve-wracking pain
             ... invoked by an orc priest
              (14 damage)
             ... on level 3 of the Dungeon.
             The game lasted 00:06:00 (2111 turns).

IdlyInterested the Cudgeller (Demonspawn Gladiator) Turns: 2111, Time: 00:06:01

Health: -7/33      AC: 12    Str: 16    XL:     4   Next: 97%
Magic:  13/13      EV: 11    Int:  9    God:
Gold:   115        SH:  3    Dex: 15    Spells: 3/3 levels left

rFire   . . .      SeeInvis .    a - +0 flail
rCold   . . .      Faith    .    h - +0 buckler
rNeg    . . .      Spirit   .    l - +0 ring mail
rPois   .          Reflect  .    (helmet restricted)
rElec   .          Harm     .    (no cloak)
rCorr   .          Rampage  .    j - +0 pair of gloves
Will    +....                    (no boots)
Stlth   +                        (no amulet)
HPRegen 0.25/turn                f - ring of willpower
MPRegen 0.26/turn                b - ring of magical power

@: sanguine armoured
A: antennae 1, magic regeneration, sanguine armour 1
a: no special abilities


You were on level 3 of the Dungeon.
You visited 1 branch of the dungeon, and saw 3 of its levels.

You collected 115 gold pieces.

Inventory:

Hand Weapons
 a - a +0 flail (weapon)
 m - a +2 dagger of speed
Missiles
 d - 3 throwing nets
 k - 3 boomerangs (quivered)
 q - 8 poisoned darts
Armour
 h - a +0 buckler (worn)
 j - a +0 pair of gloves (worn)
 l - a +0 ring mail (worn)
Jewellery
 b - a ring of magical power (right hand)
 f - a ring of willpower (left hand)
Scrolls
 i - 3 scrolls of teleportation
 p - a scroll of blinking {unknown}
Potions
 c - a potion of curing {unknown}
 n - a potion of brilliance {unknown}


   Skills:
 - Level 2.0 Fighting
 * Level 4.5 Maces & Flails
 - Level 1.7 Throwing
 + Level 1.8 Armour
 - Level 2.6 Dodging
 - Level 1.0 Stealth


You had 3 spell levels left.
You didn't know any spells.
Your spell library was empty.

Dungeon Overview and Level Annotations

Branches:
Dungeon (3/15)

Altars:


Innate Abilities, Weirdness & Mutations

You have a pair of small antennae on your head.
You regenerate magic rapidly.
When seriously injured, your blood forms armour. (AC +6)


Message History

The orc is almost dead.
The orc priest miscasts a cantrip.
The orc hits you but does no damage.
You closely miss the orc.
The orc is almost dead.
The orc hits you with a +0 war axe.
* * * LOW HITPOINT WARNING * * *
The orc misses you.
You barely miss the orc.
The orc is almost dead.
Your hearing returns.
You block the orc's attack.
You barely miss the orc.
The orc is almost dead.
The orc misses you.
You barely miss the orc.
The orc is almost dead.
The orc priest casts a cantrip, but nothing happens.
The orc hits you but does no damage. The orc barely misses you.
You barely miss the orc.
The orc is almost dead.
The orc hits you with a +0 war axe.
* * * LOW HITPOINT WARNING * * *
You hit the orc.
You kill the orc!
You hit the orc.
The orc is moderately wounded.
The orc closely misses you.
You hit the orc but do no damage.
The orc is moderately wounded.
The orc hits you with a +0 hand axe.
* * * LOW HITPOINT WARNING * * *
You hit the orc.
You kill the orc!
The orc priest hits you but does no damage.
You hit the orc priest.
The orc priest is moderately wounded.
The orc priest mumbles some strange prayers to Beogh against you.
Pain shoots through your body!
You die...

... #'# #.# # #.#
#..o. #.#o####
#..)..<#
#.########.####+##
#......@oo....(..#
##########.......#
######.......#
#....'...)...#
#.####.......#
#?......#
#.......# #.#
#.......##+####
#.#
#.........<....


You could see an orc priest and an orc.

Vanquished Creatures
  An orc priest (D:2)
  A hound (D:2)
  A worm (D:2)
  7 orcs
  9 ball pythons
  4 endoplasms
  2 giant cockroaches
  5 goblins
  5 hobgoblins
  4 jackals (D:2)
  2 quokkas (D:2)
  8 bats
  8 frilled lizards
  3 kobolds
  2 rats
62 creatures vanquished.

Notes
Turn   | Place    | Note
-------+----------+-------------------------------------------
     0 | D:1      | IdlyInterested the Demonspawn Gladiator began the quest for
                  | the Orb.
     0 | D:1      | Reached XP level 1. HP: 16/16 MP: 1/1
    61 | D:1      | Reached skill level 3 in Maces & Flails
   183 | D:1      | Gained mutation: When seriously injured, your blood forms
                  | armour. (AC +6) [demonic ancestry]
   183 | D:1      | Reached XP level 2. HP: 21/22 MP: 2/2
   332 | D:1      | Reached skill level 1 in Stealth
   741 | D:2      | Gained mutation: You have a pair of small antennae on your
                  | head. [demonic ancestry]
   741 | D:2      | Reached XP level 3. HP: 27/27 MP: 3/3
  1124 | D:2      | Reached skill level 4 in Maces & Flails
  1124 | D:2      | Reached skill level 1 in Armour
  1124 | D:2      | Gained mutation: You regenerate magic rapidly. [demonic
                  | ancestry]
  1124 | D:2      | Reached XP level 4. HP: 17/33 MP: 4/4
  2111 | D:3      | Killed from afar by an orc priest

Illustrated notes

Levels and vault maps discovered:
D:1:      lemuel_arrival_behind_the_door_small, layout_basic
D:2:      layout_loops_ring, serial_co_window_serial, co_window_paths_a,
          co_window_paths_a, co_window_of_opportunity_a, co_window_paths_b,
          co_window_of_opportunity_a, co_window_paths_a,
          co_window_of_opportunity_a, co_window_2corner, co_window_broadway_a,
          co_window_broadway_a, co_window_unsneaky_path_e, co_window_corner_b,
          co_window_unsneaky_path_c, co_window_broadway_c, glass_columns_a,
          glass_columns_c
D:3:      layout_basic, mainiacjoe_overflow_alcove_3, uniq_terence

Skill      XL: |  1  2  3 |
---------------+----------+-----
Maces & Flails | 3 4 |  4.5
Stealth        | 1 |  1.0
Armour         | 1 |  1.8
Fighting       | |  2.0
Throwing       | |  1.7
Dodging        | |  2.6

Action                     |  1- 3 |  4- 6 || total
---------------------------+-------+-------++-------
  Melee: Flail             |   122 |    74 ||   196
  Throw: Javelin           |       |     1 ||     1
    Use: Scroll            |     3 |     2 ||     5
   Stab: Sleeping          |     2 |       ||     2
 Armour: Leather armour    |    56 |       ||    56
         Ring mail         |       |    30 ||    30
  Dodge: Dodged            |    86 |    52 ||   138
  Block: Buckler           |    27 |    12 ||    39

Table legend: (Time is in decaauts)
 A = Elapsed time spent in this place.
 B = Non-inter-level travel time spent in this place.
 C = Inter-level travel time spent in this place.
 D = Time resting spent in this place.
 E = Time spent auto-exploring this place.
 F = Levels seen in this place.
 G = Mean time per level.
                   A        B        C        D        E       F      G
               +--------+--------+--------+--------+--------+-----+--------+
         Total |   2160 |   1919 |    241 |    122 |   1153 |   3 |  720.0 |
       Dungeon |   2160 |   1919 |    241 |    122 |   1153 |   3 |  720.0 |
               +--------+--------+--------+--------+--------+-----+--------+

Top non-repeatable levels by time:
     D:2: 1263 daAuts
     D:1: 785 daAuts
     D:3: 111 daAuts
